 Dungeon Crawl Stone Soup version 0.29-a0-378-gc08b2e8bf8 (webtiles) character file.

Game seed: 15847518855450695472

3075 Bruhh the Nimble (level 9, -5/74 HPs)
             Began as a Gnoll Monk on May 5, 2022.
             Was a High Priest of Jiyva.
             Slain by a sun demon (9 damage)
             ... summoned by an orc high priest
             ... in a bailey.
             The game lasted 00:14:29 (7172 turns).

Bruhh the Nimble (Gnoll Monk)                       Turns: 7172, Time: 00:14:31

Health: -5/74      AC:  9    Str: 12    XL:     9   Next: 88%
Magic:  16/16      EV: 15    Int: 10    God:    Jiyva [*****.]
Gold:   146        SH:  0    Dex: 21    Spells: 17/17 levels left

rFire   + . .      SeeInvis .   p - +0 great sword
rCold   . . .      Faith    .   (shield currently unavailable)
rNeg    . . .      Spirit   .   m - +0 ring mail
rPois   .          Reflect  .   (no helmet)
rElec   .          Harm     .   (no cloak)
rCorr   +          Rampage  .   (no gloves)
Will    .....                   d - +2 pair of boots "Ropt" {+Blink rF+}
Stlth   ++++......              q - amulet of the acrobat
HPRegen 4.06/turn               (no ring)
MPRegen 0.60/turn               (no ring)

@: mighty, calling ooze
A: fangs 1, strong nose, distributed training, thin skeletal structure 1,
regeneration 3, strong 1, engulf
a: Renounce Religion, Evoke Blink, Oozemancy, Slimify


You were in a bailey.
You worshipped Jiyva.
Jiyva was extremely pleased with you.
You visited 1 branch of the dungeon, and saw 7 of its levels.
You also visited: Bailey.

You collected 216 gold pieces.
You spent 70 gold pieces at shops.

Inventory:

Hand Weapons
 a - a +0 falchion
 p - a +0 great sword (weapon)
Armour
 b - a +0 robe
 d - the +2 pair of boots "Ropt" (worn) {+Blink rF+}
   (You acquired it on level 7 of the Dungeon)

   rF:        It protects you from fire.
   +Blink:    It lets you blink.
 l - a +0 leather armour
 m - a +0 ring mail (worn)
Jewellery
 q - an amulet of the acrobat (around neck)
Wands
 e - a wand of flame (45)
Scrolls
 f - a scroll of torment
 g - 2 scrolls of enchant weapon
 i - a scroll of poison
 j - a scroll of brand weapon
 n - 3 scrolls of teleportation
 r - a scroll of amnesia
Potions
 c - 2 potions of ambrosia
 k - a potion of haste
 s - 2 potions of invisibility
 t - a potion of brilliance


   Skills:
 + Level 8.1 Fighting
 + Level 4.6 Short Blades
 + Level 8.1 Long Blades
 + Level 4.6 Axes
 + Level 4.6 Maces & Flails
 + Level 4.6 Polearms
 + Level 4.6 Staves
 + Level 4.6 Slings
 + Level 4.6 Bows
 + Level 4.6 Crossbows
 + Level 4.6 Throwing
 + Level 4.6 Armour
 + Level 8.1 Dodging
 + Level 6.3 Stealth
 + Level 4.6 Shields
 + Level 4.6 Unarmed Combat
 + Level 4.6 Spellcasting
 + Level 3.8 Conjurations
 + Level 3.8 Hexes
 + Level 3.8 Summonings
 + Level 3.8 Necromancy
 + Level 3.8 Translocations
 + Level 3.8 Transmutations
 + Level 3.8 Fire Magic
 + Level 3.8 Ice Magic
 + Level 3.8 Air Magic
 + Level 3.8 Earth Magic
 + Level 3.8 Poison Magic
 + Level 5.1 Invocations
 + Level 4.6 Evocations


You had 17 spell levels left.
You didn't know any spells.
Your spell library contained the following spells:

 Spells                   Type           Power      Damage    Failure   Level
 Animate Skeleton         Necr           20%        N/A       11%         1
 Pain                     Necr           40%        1d6       11%         1
 Sublimation of Blood     Necr           10%        N/A       16%         2
 Wereblood                Tmut           10%        N/A       16%         2
 Vampiric Draining        Necr           10%        2d6       30%         3
 Summon Hydra             Summ           5%         N/A       100%        7


Dungeon Overview and Level Annotations

Branches:
Dungeon (7/15)             Temple (0/1) D:5          Bailey (1/1)

Altars:
Cheibriados
Makhleb
Okawaru
Uskayaw
Jiyva

Shops:
D:6 ?:!((


Innate Abilities, Weirdness & Mutations

You have very sharp teeth.
Your uncanny sense of smell can sniff out nearby items.
Your experience applies equally to all skills.
You have a somewhat thin skeletal structure. (Dex +2, Stealth+)
You regenerate.
Your muscles are strong. (Str +2)
Your melee attacks may engulf your foes in ooze.


Message History

The walls burn the orc high priest!
The orc high priest hits you with a +0 battleaxe!
The walls burn the orc high priest!
The orc high priest barely misses you. The hellwing closely misses you.
The hellwing hits you but does no damage.
The sun demon completely misses you.
The walls burn the orc high priest!
The orc high priest hits you with a +0 battleaxe!
The walls burn the orc high priest!
The orc high priest closely misses you. The sun demon completely misses you.
You slash the orc high priest!
You engulf the orc high priest in ooze!
The orc high priest is moderately wounded.
The orc high priest is asphyxiated!
The walls burn the orc high priest!
The orc high priest hits you with a +0 battleaxe.
The walls burn the orc high priest!
The orc high priest hits you with a +0 battleaxe!
The hellwing hits you. x2; The sun demon closely misses you.
Okay, then.
You slash the orc high priest!
The orc high priest is severely wounded.
The orc high priest is asphyxiated! x2; The walls burn the orc high priest!
The orc high priest closely misses you.
The walls burn the orc high priest!
The orc high priest hits you with a +0 battleaxe!
The sun demon hits you!
* * * LOW HITPOINT WARNING * * *
You are engulfed in flames.
You resist.
* * * LOW HITPOINT WARNING * * *
The hellwing hits you.
* * * LOW HITPOINT WARNING * * *
The hellwing misses you.
The walls burn the orc high priest!
The orc high priest closely misses you.
The walls burn the orc high priest!
The orc high priest barely misses you. The sun demon barely misses you.
Okay, then.
As you read the scroll labelled VUTAJEWEQUZ, it crumbles to dust.
You feel aware of your surroundings.
It was a scroll of magic mapping.
The orc high priest is asphyxiated!
You kill the orc high priest!
The hellwing closely misses you. The hellwing hits you.
* * * LOW HITPOINT WARNING * * *
The sun demon hits you!
You die...

≈≈≈≈≈≈,*,,*,,,#.).#,,,#..#,≈≈≈≈≈≈
≈≈≈≈≈≈,*,,##*+#8.8#+###..#,≈≈≈≈≈≈
≈≈≈≈≈≈,*,,#)),#...#,..#..#,≈≈≈≈≈≈
≈≈≈≈≈≈,*,,#)).#...#...#..#,≈≈≈≈≈≈
≈≈≈≈≈≈,*,,#+####'####+#..#,≈≈≈≈≈≈
≈≈≈≈≈≈,**+#.......)...#)##,≈≈≈≈≈≈
≈≈≈≈≈≈,*,,#....._.....#.)#,≈≈≈≈≈≈
≈≈≈≈≈≈,*,8#....34.....#8.#,≈≈≈≈≈≈
≈≈≈≈≈≈,*,,#....o@)....#..#,≈≈≈≈≈≈
≈≈≈≈≈≈,*,8#############8.#,≈≈≈≈≈≈
≈≈≈≈≈≈,*,,,,,#######...).#,≈≈≈≈≈≈
≈≈≈≈≈≈,*,8,,,#.....#...8.#,≈≈≈≈≈≈
≈≈≈≈≈≈,*,,,,,#.....#.....#,≈≈≈≈≈≈
≈≈≈≈≈*+****,,#..)..#..####+*≈≈≈≈≈
≈≈≈≈≈*,,,,*,,+...).'..#,,,,*≈≈≈≈≈
≈≈≈≈≈*,,,,*,,+..)..'..#,,,,*≈≈≈≈≈
≈≈≈≈≈***,,#####'''#####,,***≈≈≈≈≈


You could see an orc high priest, a sun demon (summoned) and a hellwing
(summoned).

Vanquished Creatures
  An orc high priest (Bailey)
  An orc knight (Bailey)
  3 humans (D:7)
  Eustachio (D:4)
  2 orc warriors (Bailey)
  2 ice beasts
  2 ogres
  Blork the orc (D:4)
  2 phantoms (D:6)
  2 gnoll sergeants
  2 kobold brigands
  2 necrophages (D:6)
  A bullfrog (D:6)
  A scorpion (D:4)
  4 electric eels (Bailey)
  3 hounds
  4 iguanas
  Ijyb (D:3)
  Natasha (D:4)
  15 gnolls
  8 adders
  A white imp (D:4)
  A dart slug (D:2)
  6 orcs
  4 endoplasms
  5 giant cockroaches
  9 goblins
  11 hobgoblins
  2 jackals (D:5)
  3 quokkas
  7 ball pythons
  14 bats
  A frilled lizard (D:3)
  17 kobolds
  6 rats
146 creatures vanquished.

Vanquished Creatures (collateral kills)
  2 orc warriors (Bailey)
  A gnoll (Bailey)
3 creatures vanquished.

Vanquished Creatures (others)
  A scorpion (D:5)
  11 jellies
  A hound (D:7)
  An iguana (D:5)
  Natasha (twice) (D:4)
  6 gnolls
  2 adders (D:5)
  A shadow imp (D:5)
  A white imp (D:6)
  An ufetubus (D:5)
  2 dart slugs (D:4)
  2 endoplasms (D:4)
  An orc (D:5)
  A kobold (D:3)
  3 goblins
  10 fungi (D:3)
  5 plants (D:3)
  11 toadstools (D:3)
62 creatures vanquished.

Grand Total: 211 creatures vanquished

Notes
Turn   | Place    | Note
-------+----------+-------------------------------------------
     0 | D:1      | Bruhh the Gnoll Monk began the quest for the Orb.
     0 | D:1      | Reached XP level 1. HP: 23/23 MP: 1/1
   451 | D:1      | Reached XP level 2. HP: 24/29 MP: 2/2
  1254 | D:2      | Reached XP level 3. HP: 35/35 MP: 3/3
  1483 | D:2      | Reached skill level 1 in Invocations
  1817 | D:2      | Reached skill level 1 in Short Blades
  1817 | D:2      | Reached skill level 1 in Axes
  1817 | D:2      | Reached skill level 1 in Maces & Flails
  1817 | D:2      | Reached skill level 1 in Polearms
  1817 | D:2      | Reached skill level 1 in Staves
  1817 | D:2      | Reached skill level 1 in Slings
  1817 | D:2      | Reached skill level 1 in Bows
  1817 | D:2      | Reached skill level 1 in Crossbows
  1817 | D:2      | Reached skill level 1 in Throwing
  1817 | D:2      | Reached skill level 1 in Armour
  1817 | D:2      | Reached skill level 1 in Shields
  1817 | D:2      | Reached skill level 1 in Unarmed Combat
  1817 | D:2      | Reached skill level 1 in Spellcasting
  1817 | D:2      | Reached skill level 1 in Evocations
  1839 | D:2      | Reached XP level 4. HP: 34/41 MP: 5/5
  2406 | D:3      | Found a faded altar of an unknown god.
  2412 | D:3      | Noticed a kobold brigand
  3016 | D:3      | Reached skill level 1 in Conjurations
  3016 | D:3      | Reached skill level 1 in Hexes
  3016 | D:3      | Reached skill level 1 in Summonings
  3016 | D:3      | Reached skill level 1 in Necromancy
  3016 | D:3      | Reached skill level 1 in Translocations
  3016 | D:3      | Reached skill level 1 in Transmutations
  3016 | D:3      | Reached skill level 1 in Fire Magic
  3016 | D:3      | Reached skill level 1 in Ice Magic
  3016 | D:3      | Reached skill level 1 in Air Magic
  3016 | D:3      | Reached skill level 1 in Earth Magic
  3016 | D:3      | Reached skill level 1 in Poison Magic
  3294 | D:3      | Noticed Ijyb
  3328 | D:3      | Killed Ijyb
  3329 | D:3      | Reached XP level 5. HP: 45/47 MP: 5/7
  3425 | D:3      | Killed a kobold brigand
  3454 | D:3      | Prayed at the altar of an unknown god.
  3454 | D:3      | Became a worshipper of Jiyva Jorirapu the Shapeless
  3454 | D:3      | Reached * piety under Jiyva
  3454 | D:3      | Reached ** piety under Jiyva
  3538 | D:3      | Reached XP level 6. HP: 48/53 MP: 8/8
  4122 | D:4      | Noticed Blork the orc
  4132 | D:4      | Killed Blork the orc
  4165 | D:4      | Found a burning altar of Makhleb.
  4165 | D:4      | Noticed a blizzard demon
  4204 | D:4      | Reached *** piety under Jiyva
  4239 | D:4      | Found a snail-covered altar of Cheibriados.
  4352 | D:4      | Noticed Eustachio
  4373 | D:4      | Killed Eustachio
  4374 | D:4      | Reached XP level 7. HP: 55/60 MP: 10/10
  4557 | D:4      | Found an iron altar of Okawaru.
  4616 | D:4      | Noticed Natasha
  4623 | D:4      | Killed Natasha
  4696 | D:5      | Entered Level 5 of the Dungeon
  4767 | D:4      | Gained mutation: Your melee attacks may engulf your foes in
                  | ooze. [Jiyva's grace]
  4767 | D:4      | Gained mutation: Your muscles are strong. (Str +2) [Jiyva's
                  | grace]
  4767 | D:4      | Gained mutation: Your muscles are very strong. (Str +4)
                  | [Jiyva's grace]
  4767 | D:4      | Gained mutation: You have a small jelly attached to you
                  | that senses nearby items. [Jiyva's grace]
  5030 | D:5      | Reached skill level 5 in Stealth
  5046 | D:5      | Reached **** piety under Jiyva
  5061 | D:5      | Found a staircase to the Ecumenical Temple.
  5278 | D:4      | Killed Natasha
  5375 | D:4      | Killed Natasha
  5550 | D:5      | Reached XP level 8. HP: 30/67 MP: 12/12
  5768 | D:5      | Found a hide-covered altar of Uskayaw.
  6076 | D:6      | Found Wun Jeca's Antique Weapon Shop.
  6176 | D:6      | Found Jefre's Book Boutique.
  6213 | D:6      | Found Asyjouvo's Distillery.
  6326 | D:6      | Reached ***** piety under Jiyva
  6379 | D:6      | Found Racrykhlu's Antique Weapon Shoppe.
  6605 | D:6      | Found Weiqiulu's Magic Scroll Boutique.
  6610 | D:6      | Bought a scroll of identify for 28 gold pieces
  6610 | D:6      | Bought a scroll of teleportation for 42 gold pieces
  6764 | D:7      | Identified a scroll of acquirement
  6773 | D:7      | Acquired the +2 pair of boots "Ropt" {+Blink rF+}
  6801 | D:7      | Reached XP level 9. HP: 73/73 MP: 14/14
  6928 | D:7      | Found a flagged portal.
  7001 | Bailey   | Entered a bailey
  7058 | Bailey   | Lost mutation: Your muscles are very strong. (Str +4)
                  | [Jiyva's grace]
  7058 | Bailey   | Lost mutation: You have a small jelly attached to you that
                  | senses nearby items. [Jiyva's grace]
  7058 | Bailey   | Gained mutation: Your natural rate of healing is unusually
                  | fast. [Jiyva's grace]
  7058 | Bailey   | Gained mutation: You heal very quickly. [Jiyva's grace]
  7058 | Bailey   | Gained mutation: You regenerate. [Jiyva's grace]
  7058 | Bailey   | Gained mutation: You have a somewhat thin skeletal
                  | structure. (Dex +2, Stealth+) [Jiyva's grace]
  7145 | Bailey   | Noticed an orc knight
  7152 | Bailey   | Killed an orc knight
  7153 | Bailey   | Reached skill level 5 in Invocations
  7159 | Bailey   | Found an iron altar of Okawaru.
  7159 | Bailey   | Noticed an orc high priest
  7159 | Bailey   | Noticed an orc high priest
  7167 | Bailey   | Noticed a sun demon
  7167 | Bailey   | Noticed a hellwing
  7172 | Bailey   | Killed an orc high priest
  7172 | Bailey   | Slain by a sun demon

Illustrated notes

Levels and vault maps discovered:
D:1:      matt_arrival_los_fun, layout_basic, serial_park_tiny_2,
          dreamdust_princess_corridor
D:2:      layout_loops_ring, serial_rivers, chequers_serial_rivers_micro_e,
          chequers_serial_rivers_large_b, chequers_serial_rivers_micro_d,
          chequers_serial_rivers_small_3, chequers_serial_rivers_small_a
D:3:      cheibrodos_fertilizer, layout_basic, dreamdust_ecumenical_altar_grove,
          eino_curves_04, uniq_ijyb
D:4:      layout_basic, makhleb_altar_promises_db, mainiacjoe_overflow_catwalk,
          okawaru_ov_weapons_minmay, roderic_batcave, uniq_eustachio,
          uniq_natasha, uniq_blork_the_orc
D:5:      layout_loops_ring, nicolae_overflow_crystal_walls, temple_doors_e,
          kennysheep_another_room
D:6:      layout_loops_cross, serial_shops, nicolae_shop_statue_plus, shop,
          shop_statue, kennysheep_little_box, nicolae_shop_window_shopping
D:7:      layout_loops_corners, minitemple, enter_bailey_7, minmay_ruffians,
          uniq_pikel
Bailey:   bailey_axe_of_yendor_kennysheep, bailey

Skill      XL: |  1  2  3  4  5  6  7  8  9 |
---------------+----------------------------+-----
Invocations    | 1 2 3 4 5 |  5.1
Short Blades   | 1 2 3 4 |  4.6
Axes           | 1 2 3 4 |  4.6
Maces & Flails | 1 2 3 4 |  4.6
Polearms       | 1 2 3 4 |  4.6
Staves         | 1 2 3 4 |  4.6
Slings         | 1 2 3 4 |  4.6
Bows           | 1 2 3 4 |  4.6
Crossbows      | 1 2 3 4 |  4.6
Throwing       | 1 2 3 4 |  4.6
Armour         | 1 2 3 4 |  4.6
Shields        | 1 2 3 4 |  4.6
Unarmed Combat | 1 2 3 4 |  4.6
Spellcasting   | 1 2 3 4 |  4.6
Evocations     | 1 2 3 4 |  4.6
Conjurations   | 1 2 3 |  3.8
Hexes          | 1 2 3 |  3.8
Summonings     | 1 2 3 |  3.8
Necromancy     | 1 2 3 |  3.8
Translocations | 1 2 3 |  3.8
Transmutations | 1 2 3 |  3.8
Fire Magic     | 1 2 3 |  3.8
Ice Magic      | 1 2 3 |  3.8
Air Magic      | 1 2 3 |  3.8
Earth Magic    | 1 2 3 |  3.8
Poison Magic   | 1 2 3 |  3.8
Fighting       | 7 8 |  8.1
Long Blades    | 7 8 |  8.1
Dodging        | 7 8 |  8.1
Stealth        | 5 6 |  6.3

Action                   |  1- 3 |  4- 6 |  7- 9 || total
-------------------------+-------+-------+-------++-------
Melee: Falchion          |   107 |    81 |       ||   188
       Bite              |    10 |    14 |    12 ||    36
       Great sword       |       |   101 |   163 ||   264
       Punch             |       |     1 |       ||     1
Invok: Oozemancy         |       |       |     1 ||     1
  Use: Potion            |       |     8 |     1 ||     9
       Scroll            |       |       |     9 ||     9
 Stab: Sleeping          |     6 |     6 |     8 ||    20
       Invisible         |       |     2 |       ||     2
Armor: Robe              |    14 |       |       ||    14
       Leather armour    |     1 |    43 |     5 ||    49
       Ring mail         |       |       |    20 ||    20
Dodge: Dodged            |    79 |   144 |   135 ||   358

Table legend: (Time is in decaauts)
 A = Elapsed time spent in this place.
 B = Non-inter-level travel time spent in this place.
 C = Inter-level travel time spent in this place.
 D = Time resting spent in this place.
 E = Time spent auto-exploring this place.
 F = Levels seen in this place.
 G = Mean time per level.
                   A        B        C        D        E       F      G
               +--------+--------+--------+--------+--------+-----+--------+
         Total |   7297 |   6899 |    398 |    413 |   5234 |   8 |  912.1 |
       Dungeon |   7110 |   6712 |    398 |    413 |   5185 |   7 | 1015.7 |
        Bailey |    187 |    187 |      0 |      0 |     48 |   1 |  187.0 |
               +--------+--------+--------+--------+--------+-----+--------+

Top non-repeatable levels by time:
     D:3: 1467 daAuts
     D:1: 1305 daAuts
     D:2: 1299 daAuts
     D:4: 1290 daAuts
     D:5: 799 daAuts
     D:6: 586 daAuts
     D:7: 362 daAuts
  Bailey: 187 daAuts
